 Dungeon Crawl Stone Soup version 0.26.0-18-gc5c842f807 (webtiles) character file.

Game seed: 11538453392956966773

2469 kaeus the Arsonist (level 9, 0/67 HPs)
             Began as a Gargoyle Fire Elementalist on Jan 23, 2021.
             Was a Follower of the Shining One.
             Slain by an orc warrior
             ... wielding a +0 glaive
              (3 damage)
             ... on level 8 of the Dungeon.
             The game lasted 00:18:08 (9906 turns).

kaeus the Arsonist (Gargoyle Fire Elementalist)     Turns: 9906, Time: 00:18:08

Health: 0/67       AC: 24    Str: 13    XL:     9   Next: 51%
Magic:  10/17      EV:  2    Int: 18    God:    the Shining One [*.....]
Gold:   405        SH:  0    Dex: 16    Spells: 9/19 levels left

rFire    . . .     SeeInvis .   p - +1 hand axe (vorpal)
rCold    . . .     Faith    .   (no shield)
rNeg     + + +     Spirit   .   (armour currently unavailable)
rPois    ∞         Reflect  .   (helmet currently unavailable)
rElec    .         Harm     .   (cloak currently unavailable)
rCorr    .         Rampage  .   (gloves currently unavailable)
Will     .....     NoTele   +   (boots currently unavailable)
Stlth    ++........             (no amulet)
HPRegen  0.21/turn              h - ring of stealth
MPRegen  0.15/turn              r - +6 ring of dexterity

@: tree-form, glowing
A: negative energy resistance 1, petrification resistance, miasma immunity, AC
+6
a: Renounce Religion


You were on level 8 of the Dungeon.
You worshipped the Shining One.
The Shining One was aware of your devotion.
You were a tree.
You visited 2 branches of the dungeon, and saw 9 of its levels.

You collected 405 gold pieces.

Inventory:

Hand Weapons
 m - a +1 spear of venom
 p - a +1 vorpal hand axe (weapon)
 B - a +1 war axe of freezing
 E - a +2 antimagic quarterstaff
Armour
 b - a +2 hat (melded)
 o - a +1 cloak (melded)
 q - a +0 leather armour (melded)
Jewellery
 h - a ring of stealth (left branch)
 r - a +6 ring of dexterity (right branch)
 z - an uncursed ring of see invisible
Wands
 w - a wand of digging (4)
 F - a wand of iceblast (9)
Scrolls
 d - a scroll of identify
 k - 2 scrolls of fear
 l - 2 scrolls of remove curse
 t - 2 scrolls of amnesia
 u - a scroll of noise {unknown}
 v - a scroll of enchant weapon {unknown}
 y - a scroll of fog {unknown}
 D - a scroll of teleportation {unknown}
Potions
 a - a potion of magic {unknown}
 c - 2 potions of might {unknown}
 e - 4 potions of brilliance
 f - 2 potions of flight
 g - 2 potions of curing {unknown}
 i - a potion of lignification
 j - a potion of ambrosia {unknown}
 n - 3 potions of haste
 s - a potion of attraction {unknown}
 x - a potion of resistance {unknown}
 C - a potion of cancellation {unknown}
 G - a potion of mutation {unknown}
 H - a potion of invisibility {unknown}


   Skills:
 - Level 1.5 Dodging
 - Level 2.1 Stealth
 + Level 5.7 Spellcasting
 * Level 7.9 Conjurations
 * Level 9.0 Fire Magic


You had 9 spell levels left.
You knew the following spells:

 Your Spells              Type           Power        Failure   Level
a - Foxfire               Conj/Fire      100%         1%          1
b - Sticky Flame          Conj/Fire      35%          3%          4
c - Fireball              Conj/Fire      17%          11%         5

Your spell library contained the following spells:

 Spells                   Type           Power        Failure   Level
 Conjure Flame            Conj/Fire      35%          1%          3
 Inner Flame              Hex/Fire       21%          6%          3
 Animate Skeleton         Necr           10%          12%         1
 Apportation              Tloc           10%          12%         1
 Corona                   Hex            5%           12%         1
 Summon Small Mammal      Summ           20%          12%         1


Dungeon Overview and Level Annotations

Branches:
Dungeon (8/15)             Temple (1/1) D:4
   Lair: D:8-11

Altars:
Ashenzari
Cheibriados
Elyvilon
Kikubaaqudgha
Qazlal
Trog
Wu Jian
Xom
Yredelemnul
Zin
The Shining One

Shops:
D:7 :

Annotations:
D:4 2 transporters, Gadfly's ghost, amateur GnWn


Innate Abilities, Weirdness & Mutations

You are resistant to torment.
((Your stone body is resilient. (AC +6)))
You are immune to poison.
You resist negative energy. (rN+)
((You are resistant to electric shocks. (rElec)))
((You can survive without breathing.))
You are immune to petrification.
You are immune to miasma.


Message History

The foxfire hits the orc warrior but does no damage.
The orc warrior is almost dead.
The orc warrior hits you from afar with a +0 glaive.
The Shining One protects you from harm!
You turn into a tree.
Your +1 cloak melds into your body.
Your +2 hat melds into your body.
Your +0 leather armour melds into your body.
Your roots penetrate the ground.
You now have 3/67 hp.
Casting: Foxfire (safe; 1% risk of failure)
Confirm with . or Enter, or press ? or * to list all spells.
Aiming: Sticky Flame (dangerous; 3% risk of failure)
Press: ? - help, Shift-Dir - straight line, f - orc priest
Aim: an orc priest, wielding a +0 dagger (haloed, 0% to evade)
The sticky flame hits the orc priest.
The orc priest is moderately wounded.
The orc priest is covered in liquid flames!
The orc priest burns!
The orc warrior hits you from afar with a +0 glaive.
You die...

###.##
###..##
##...##
##....#
#....##
#....#
##....#
##...###
#oo♣##
......o##
......#
##...#
####


You could see an orc warrior, an orc priest (burning) and an orc.

Vanquished Creatures
  4 orc warriors
  A black bear (D:8)
  2 ice beasts
  2 sky beasts (D:5)
  3 ogres (D:6)
  3 centaurs
  A big kobold (D:7)
  2 bullfrogs
  A centaur skeleton (D:5)
  5 hounds
  A jelly (D:5)
  3 orc priests
  6 orc wizards
  An iguana (D:6)
  3 worker ants
  A hound skeleton (D:4)
  A hound zombie (D:7)
  4 gnolls (D:2)
  10 adders
  A shadow imp (D:5)
  A white imp (D:5)
  An ooze (D:1)
  An ufetubus (D:7)
  An adder skeleton (D:6)
  3 worms
  6 dart slugs
  5 leopard geckos
  31 orcs
  2 bat zombies (D:4)
  3 giant cockroaches
  12 goblins
  14 hobgoblins
  7 jackals
  2 quokkas
  4 ball pythons
  A ball python zombie (D:4)
  4 bats
  7 frilled lizards
  10 kobolds
  15 rats
185 creatures vanquished.

Vanquished Creatures (collateral kills)
  2 foxfires (D:5)
2 creatures vanquished.

Vanquished Creatures (others)
  539 foxfires
539 creatures vanquished.

Grand Total: 726 creatures vanquished

Notes
Turn   | Place    | Note
-------+----------+-------------------------------------------
     0 | D:1      | kaeus the Gargoyle Fire Elementalist began the quest for
                  | the Orb.
     0 | D:1      | Reached XP level 1. HP: 10/10 MP: 3/3
    52 | D:1      | Found a broken altar of Ashenzari.
   118 | D:1      | Reached XP level 2. HP: 8/15 MP: 0/5
   928 | D:1      | Reached XP level 3. HP: 19/19 MP: 1/6
  1783 | D:2      | Reached skill level 4 in Fire Magic
  1791 | D:2      | Reached XP level 4. HP: 21/24 MP: 0/7
  2436 | D:2      | Reached XP level 5. HP: 28/28 MP: 6/9
  3721 | D:3      | Found an ornate altar of the Wu Jian Council.
  4245 | D:4      | Reached skill level 5 in Fire Magic
  4325 | D:4      | Reached XP level 6. HP: 32/32 MP: 6/10
  4527 | D:4      | Found a staircase to the Ecumenical Temple.
  4546 | Temple   | Entered the Ecumenical Temple
  4549 | Temple   | Became a worshipper of the Shining One
  4635 | D:4      | Found a transporter.
  4644 | D:4      | Noticed Gadfly's ghost (amateur GnWn)
  4671 | D:4      | Found a transporter.
  4954 | D:4      | Found an ancient bone altar of Kikubaaqudgha.
  5276 | D:5      | Entered Level 5 of the Dungeon
  5280 | D:5      | Noticed a sky beast
  5289 | D:5      | Killed a sky beast
  5305 | D:5      | Reached XP level 7. HP: 36/36 MP: 7/12
  5441 | D:5      | Noticed a moth of wrath
  5449 | D:5      | Found a bloodstained altar of Trog.
  5467 | D:5      | HP: 1/36 [worm (6)]
  5571 | D:5      | Learned a level 4 spell: Sticky Flame
  5577 | D:5      | Learned a level 5 spell: Fireball
  5687 | D:5      | Reached * piety under the Shining One
  5888 | D:5      | Reached skill level 6 in Fire Magic
  5992 | D:5      | Found a glowing silver altar of Zin.
  6740 | D:5      | Found a snail-covered altar of Cheibriados.
  6927 | D:6      | Reached XP level 8. HP: 40/41 MP: 9/14
  6998 | D:6      | Reached skill level 5 in Conjurations
  6998 | D:6      | Reached skill level 7 in Fire Magic
  7414 | D:6      | Found a shimmering altar of Xom.
  7855 | D:6      | Reached skill level 5 in Spellcasting
  7864 | D:6      | Reached skill level 8 in Fire Magic
  8269 | D:6      | Reached XP level 9. HP: 40/45 MP: 12/16
  8453 | D:6      | Found a white marble altar of Elyvilon.
  8743 | D:7      | Found a basalt altar of Yredelemnul.
  8912 | D:7      | Found Nitelos's Book Emporium.
  9845 | D:8      | Reached skill level 9 in Fire Magic
  9903 | D:8      | HP: 2/45 [orc warrior/+0 glaive (15)]
  9904 | D:8      | The Shining One protects you from harm!
  9906 | D:8      | Slain by an orc warrior

Illustrated notes

Levels and vault maps discovered:
D:1:      heliophobic_arrival_battle_scene, layout_loops_corners,
          ashenzari_altar_1
D:2:      layout_basic
D:3:      layout_rooms, lemuel_round_altar, grunt_ministairs_10
D:4:      layout_basic, lemuel_zombie_altar_kikubaaqudgha,
          minmay_temple_entry_mini_moons, gammafunk_ghost_stat_death
D:5:      corexii_shack_village, layout_basic, tgw_trog, zin_academy,
          kennysheep_mini
D:6:      layout_basic, general_overflow_altar, marbit_many_paths
D:7:      layout_cave_pools, yredelemnul_altar_generic, serial_shops,
          nicolae_shop_stone
D:8:      layout_layer_cave
Temple:   nicolae_temple_hex_pool

Skill      XL: |  1  2  3  4  5  6  7  8  9 |
---------------+----------------------------+-----
Conjurations   | 2 3 4 6 7 |  7.9
Fire Magic     | 4 5 6 8 9 |  9.0
Spellcasting   | 3 4 5 |  5.7
Dodging        | |  1.5
Stealth        | |  2.1

Action                   |  1- 3 |  4- 6 |  7- 9 || total
-------------------------+-------+-------+-------++-------
Melee: Unarmed           |    15 |       |       ||    15
       Dagger            |    39 |    30 |       ||    69
       Spear             |       |     5 |       ||     5
       Hand axe          |       |    50 |   148 ||   198
 Cast: Foxfire           |    74 |   147 |   173 ||   394
       Sticky Flame      |       |       |     6 ||     6
  Use: Scroll            |     3 |     2 |     7 ||    12
       Potion            |       |       |     4 ||     4
 Stab: Sleeping          |     1 |     1 |       ||     2
Armor: Robe              |    16 |     5 |       ||    21
       Leather armour    |       |    35 |    68 ||   103
Dodge: Dodged            |    53 |    60 |   121 ||   234
